 Dungeon Crawl Stone Soup version 0.30-a0-177-g1cb5dbfd7a (webtiles) character file.

Game seed: 9431631457869248274

8534 LnG the Covert (level 11, -3/65 (68) HPs)
             Began as a Kobold Summoner on Oct 2, 2022.
             Was a Believer of Dithmenos.
             Slain by a spectral orc knight
             ... wielding a +0 great sword
             ... summoned by Nergalle
              (8 damage)
             ... on level 10 of the Dungeon.
             The game lasted 00:38:43 (12719 turns).

LnG the Covert (Kobold Summoner)                   Turns: 12719, Time: 00:38:43

HP:   -3/65 (68)    AC:  6    Str:  5    XL:     11   Next: 57%
MP:   19/32         EV: 17    Int: 25    God:    Dithmenos [**....]
Gold: 586           SH:  0    Dex: 14    Spells: 8/27 levels left

rFire   . . .      SeeInvis .    f - +4 dagger (freeze)
rCold   + . .      Faith    .    (no shield)
rNeg    . . .      Spirit   .    a - +1 robe
rPois   .          Reflect  .    u - +1 helmet
rElec   .          Harm     .    (no cloak)
rCorr   .          Rampage  .    (no gloves)
Will    .....                    z - +0 pair of boots
Stlth   +++++++...               (no amulet)
HPRegen 0.30/turn                x - ring of magical power
MPRegen 0.23/turn                (no ring)

@: wreathed by umbra, lightly drained
A: small, no large weapons, nightstalker 3, clever 1, cold resistance 1,
mutation resistance 1
a: Renounce Religion, Shadow Step


You were on level 10 of the Dungeon.
You worshipped Dithmenos.
Dithmenos was pleased with you.
You visited 2 branches of the dungeon, and saw 11 of its levels.

You collected 586 gold pieces.

Inventory:

Hand Weapons
 f - a +4 dagger of freezing (weapon)
Missiles
 p - 2 throwing nets
Armour
 a - a +1 robe (worn)
 u - a +1 helmet (worn)
 z - a +0 pair of boots (worn)
Jewellery
 h - a ring of see invisible
 x - a ring of magical power (left hand)
Wands
 d - a wand of flame (62)
 k - a wand of polymorph (6)
Scrolls
 e - 2 scrolls of fear
 j - 3 scrolls of poison {unknown}
 l - 2 scrolls of blinking
 m - 5 scrolls of magic mapping
 n - 7 scrolls of teleportation
 r - a scroll of summoning {unknown}
 w - a scroll of amnesia {unknown}
 y - a scroll of butterflies {unknown}
Potions
 b - 3 potions of magic
 c - a potion of flight {unknown}
 g - 2 potions of degeneration {unknown}
 i - 2 potions of berserk rage {unknown}
 o - a potion of heal wounds
 q - 2 potions of might {unknown}
 s - a potion of haste
 t - 3 potions of ambrosia {unknown}
 v - 3 potions of attraction {unknown}
 A - a potion of lignification {unknown}


   Skills:
 + Level 8.1 Fighting
 + Level 7.8 Short Blades
 + Level 6.3 Dodging
 + Level 10.2 Stealth
 + Level 8.7 Spellcasting
 + Level 1.3 Hexes
 + Level 8.6 Summonings
 + Level 2.1 Air Magic


You had 8 spell levels left.
You knew the following spells:

 Your Spells              Type           Power      Damage    Failure   Level
a - Summon Small Mammal   Summ           100%       N/A       1%          1
b - Call Imp              Summ           52%        N/A       1%          2
c - Call Canine Familiar  Summ           52%        N/A       1%          3
d - Summon Guardian Gole  Hex/Summ       35%        N/A       2%          3
e - Summon Lightning Spi  Summ/Air       37%        N/A       6%          4
f - Summon Cactus Giant   Summ           26%        N/A       26%         6

Your spell library contained the following spells:

 Spells                   Type           Power      Damage    Failure   Level
 Cigotuvi's Dreadful Rot  Necr/Pois/Air  28%        N/A       6%          2
 Blink                    Tloc           20%        N/A       9%          2
 Momentum Strike          Conj/Tloc      20%        3d8       9%          2
 Scorch                   Fire           20%        2d6       9%          2
 Lesser Beckoning         Tloc           10%        N/A       17%         3
 Ozocubu's Armour         Ice            10%        N/A       17%         3
 Dispel Undead            Necr           10%        3d9       50%         4
 Flame Wave               Conj/Fire      10%        2d6       50%         4
 Metabolic Englaciation   Hex/Ice        7%         N/A       75%         5
 Death Channel            Necr           5%         N/A       100%        6
 Simulacrum               Ice/Necr       5%         N/A       100%        6


Dungeon Overview and Level Annotations

Branches:
Dungeon (10/15)            Temple (1/1) D:6
   Lair: D:8-11         Orc: D:9-12

Altars:
Ashenzari
Cheibriados
Dithmenos
Elyvilon
Fedhas
Gozag
Hepliaklqana
Kikubaaqudgha
Makhleb
Nemelex Xobeh
Okawaru
Qazlal
Ru
Sif Muna
Trog
Uskayaw
Vehumet
Wu Jian
Xom
Yredelemnul
Zin
The Shining One

Annotations:
D:3 1 runed translucent door, Crazy Yiuf
D:5 exclusion: statue
D:10 Lodul, Nergalle


Innate Abilities, Weirdness & Mutations

You are small and have problems with some larger weapons.
You are completely attuned to the shadows.
Your mind is acute. (Int +4, Str/Dex -1)
Your flesh is cold resistant. (rC+)
You are somewhat resistant to further mutation.


Message History

The spectral orc knight barely misses you.
You closely miss Nergalle.
Nergalle is heavily wounded.
Your wolf bites Nergalle but does no damage.
Nergalle shouts, "Kill, kill, my pretties!"
Nergalle casts a spell at the spectral orc.
The spectral orc seems to speed up.
The acid dragon bites your lightning spire!
Your lightning spire is destroyed!
Your lightning spire disappears in a puff of smoke!
The acid dragon roars!
Casting: Call Imp (safe; 1% risk of failure)
Confirm with . or Enter, or press ? or * to list all spells.
An electric hum fills the air.
Your wolf bites Nergalle.
The spectral orc closely misses you.
Your crimson imp blinks!
The spectral orc knight hits you with a +0 great sword!
The spectral orc warrior misses you.
Your wolf closely misses Nergalle.
The spectral orc misses you. The acid dragon bites your crimson imp!
The acid dragon claws your crimson imp. Nergalle hits you with a +0 hand axe.
Nergalle hits your crimson imp with a +0 hand axe!
Your crimson imp dies!
Your crimson imp disappears in a puff of smoke!
Nergalle hits your wolf with a +0 hand axe.
Casting: Summon Lightning Spire (dangerous; 6% risk of failure)
Confirm with . or Enter, or press ? or * to list all spells.
A beastly little devil appears in a puff of flame.
Your wolf bites the spectral orc.
The spectral orc warrior closely misses you.
The spectral orc knight misses you. The spectral orc closely misses you.
Your wolf bites the spectral orc!
The spectral orc is destroyed!
The spectral orc disappears in a puff of smoke!
Nergalle hits you with a +0 hand axe. Nergalle misses your wolf.
You hit the acid dragon. You freeze the acid dragon.
The acid dragon is severely wounded.
The spectral orc knight hits you with a +0 great sword!!
* * * LOW HITPOINT WARNING * * *
You feel drained.
You die...

##### ...#
#####.########
..(...OO[...<# #.....
#.†...h####### #..§..
#5#.#.O# #.....
#.###..# #oD8..
.°..OO.# #@h.#
.y....## #5Z.#
.###### #Z§.# #
.°y####
###...##############
##yy...
.....................
##y####
###################.#
...Y..# #.# ..Y...#
#.# 8.....# ####..


You could see Nergalle (ally target), a spectral orc warrior (summoned), a
spectral orc knight (summoned, ally target), an acid dragon, a friendly wolf
(summoned), a friendly lightning spire (summoned) and a friendly crimson imp
(summoned).

Vanquished Creatures
  Pikel (D:4)
  2 hornets
  A wraith (D:10)
  A yak (D:8)
  A steam dragon (D:9)
  4 water moccasins
  2 sky beasts
  3 ice beasts
  A black bear (D:4)
  2 orc warriors
  An ogre (D:6)
  A phantom (D:6)
  A centaur (D:8)
  A lemure (D:3)
  2 kobold brigands (D:9)
  3 bullfrogs
  A necrophage (D:7)
  4 scorpions
  2 wights (D:8)
  11 killer bees
  3 howler monkeys
  3 hounds
  2 gnoll boudas
  6 iguanas
  3 orc wizards
  Natasha (D:2)
  4 gnolls
  3 adders
  A white imp (D:8)
  An ufetubus (D:7)
  A worm (D:5)
  9 dart slugs
  17 orcs
  3 ball pythons
  2 endoplasms (D:1)
  5 giant cockroaches
  7 goblins
  6 hobgoblins
  2 jackals (D:3)
  9 kobolds
  5 quokkas
  2 frilled lizards
  3 rats
143 creatures vanquished.

Vanquished Creatures (collateral kills)
  Sonja (D:10)
  A cyclops (D:7)
  A wraith (D:9)
  2 yaks (D:8)
  A steam dragon (D:8)
  2 vampire mosquitoes (D:10)
  A sky beast (D:8)
  An ogre (D:10)
  A kobold brigand (D:8)
  A gnoll sergeant (D:7)
  12 wights
  9 killer bees
  A howler monkey (D:10)
  A jelly (D:5)
  An orc wizard (D:9)
  Natasha (twice) (D:2)
  An iguana (D:4)
  Robin (D:3)
  2 adders (D:5)
  18 gnolls
  A white imp (D:8)
  2 dart slugs
  7 orcs
  A ball python (D:1)
  2 endoplasms (D:1)
  6 goblins
  4 hobgoblins
  2 jackals (D:3)
  A quokka (D:2)
  A frilled lizard (D:1)
  6 kobolds
93 creatures vanquished.

Vanquished Creatures (others)
  A troll (D:10)
  A vampire (D:7)
  A vampire mosquito (D:10)
3 creatures vanquished.

Grand Total: 239 creatures vanquished

Notes
Turn   | Place    | Note
-------+----------+-------------------------------------------
     0 | D:1      | LnG the Kobold Summoner began the quest for the Orb.
     0 | D:1      | Reached XP level 1. HP: 10/10 MP: 3/3
   380 | D:1      | Reached XP level 2. HP: 13/15 MP: 1/5
   608 | D:1      | Learned a level 2 spell: Call Imp
   767 | D:1      | Reached XP level 3. HP: 14/20 MP: 3/6
   769 | D:1      | Reached skill level 1 in Fighting
   804 | D:1      | Learned a level 3 spell: Call Canine Familiar
  1110 | D:2      | Identified the +2 ring mail of Haoqar {Harm rC+ Int-2}
  1148 | D:2      | Reached skill level 3 in Stealth
  1371 | D:2      | Noticed Natasha
  1440 | D:2      | Killed Natasha
  1441 | D:2      | Reached skill level 1 in Short Blades
  1441 | D:2      | Reached XP level 4. HP: 24/25 MP: 4/8
  1619 | D:2      | Noticed Natasha
  1629 | D:2      | Killed Natasha
  1740 | D:2      | Reached XP level 5. HP: 30/30 MP: 6/9
  2012 | D:2      | Noticed Natasha
  2021 | D:2      | Killed Natasha
  2536 | D:3      | Found a faded altar of an unknown god.
  2538 | D:3      | Reached skill level 4 in Stealth
  2697 | D:3      | Reached skill level 5 in Summonings
  2748 | D:3      | Reached XP level 6. HP: 35/35 MP: 10/10
  2752 | D:3      | Learned a level 3 spell: Summon Guardian Golem
  2837 | D:3      | Found a sparkling altar of Nemelex Xobeh.
  2861 | D:3      | Noticed Robin
  2880 | D:3      | Gained mutation: You are weak. (Str -2) [potion of
                  | mutation]
  2880 | D:3      | Gained mutation: You occasionally shout uncontrollably at
                  | your foes. [potion of mutation]
  2880 | D:3      | Gained mutation: You are clumsy. (Dex -2) [potion of
                  | mutation]
  2966 | D:3      | Lost mutation: You occasionally shout uncontrollably at
                  | your foes. [potion of mutation]
  2966 | D:3      | Lost mutation: You are clumsy. (Dex -2) [potion of
                  | mutation]
  2966 | D:3      | Lost mutation: You are weak. (Str -2) [potion of mutation]
  2966 | D:3      | Gained mutation: You occasionally lose the ability to read
                  | scrolls when taking damage. [potion of mutation]
  2967 | D:3      | Lost mutation: You occasionally lose the ability to read
                  | scrolls when taking damage. [potion of mutation]
  2967 | D:3      | Gained mutation: You are somewhat resistant to further
                  | mutation. [potion of mutation]
  2967 | D:3      | Gained mutation: Your flesh is cold resistant. (rC+)
                  | [potion of mutation]
  2967 | D:3      | Gained mutation: Your mind is acute. (Int +4, Str/Dex -1)
                  | [potion of mutation]
  3579 | D:3      | Killed Robin
  3650 | D:3      | Found a runed translucent door.
  3653 | D:3      | Noticed Crazy Yiuf
  3812 | D:4      | Noticed Pikel
  4318 | D:4      | Killed Pikel
  4319 | D:4      | Reached XP level 7. HP: 33/41 MP: 6/13
  4625 | D:4      | Reached XP level 8. HP: 30/48 MP: 11/14
  4630 | D:4      | Learned a level 4 spell: Summon Lightning Spire
  5315 | D:4      | Found a glowing silver altar of Zin.
  5383 | D:5      | Entered Level 5 of the Dungeon
  5500 | D:5      | Reached skill level 5 in Stealth
  5500 | D:5      | Reached skill level 5 in Spellcasting
  5530 | D:5      | Found a hazy altar of Hepliaklqana.
  5586 | D:5      | Found a radiant altar of Vehumet.
  5745 | D:5      | Reached skill level 6 in Stealth
  5832 | D:5      | Reached XP level 9. HP: 53/53 MP: 17/17
  6079 | D:5      | Reached skill level 5 in Fighting
  6235 | D:5      | Found a stormy altar of Qazlal.
  6284 | D:6      | Reached skill level 5 in Short Blades
  6439 | D:6      | Reached skill level 7 in Stealth
  6486 | D:6      | Found a staircase to the Ecumenical Temple.
  6500 | Temple   | Entered the Ecumenical Temple
  6525 | Temple   | Became a worshipper of Dithmenos the Shadowed
  7378 | D:7      | Reached skill level 8 in Stealth
  7521 | D:7      | Reached XP level 10. HP: 46/60 MP: 12/19
  7572 | D:7      | Noticed a cyclops
  7587 | D:7      | Killed a cyclops
  7608 | D:7      | Learned a level 6 spell: Summon Cactus Giant
  8365 | D:7      | Reached * piety under Dithmenos
  9144 | D:8      | Reached skill level 9 in Stealth
  9205 | D:8      | Reached skill level 5 in Dodging
  9536 | D:8      | Reached skill level 1 in Air Magic
  9632 | D:8      | Reached XP level 11. HP: 67/67 MP: 22/22
 10465 | D:9      | Reached ** piety under Dithmenos
 11170 | D:9      | Reached skill level 10 in Stealth
 11615 | D:10     | Entered Level 10 of the Dungeon
 11695 | D:10     | Noticed Nergalle
 11698 | D:10     | Noticed a spectral orc warlord
 12048 | D:10     | Noticed Lodul
 12090 | D:10     | Reached skill level 1 in Hexes
 12398 | D:10     | Noticed Sonja
 12509 | D:10     | Killed Sonja
 12719 | D:10     | Slain by a spectral orc knight

Illustrated notes

Levels and vault maps discovered:
D:1:      lemuel_arrival_cross, layout_loops_ring, minmay_pentomino_q4
D:2:      layout_loops_corners, palyth_stone_intersect, minmay_hedge_maze,
          corexii_leaking_fountain, uniq_natasha
D:3:      layout_loops_ring, nemelex_diamond_rough_becter,
          nicolae_ecumenical_pavilion, serial_park_tiny_2, uniq_robin,
          uniq_crazy_yiuf_cottage
D:4:      layout_basic, zin_statuary, chequers_serial_rivers_small_3, uniq_pikel
D:5:      layout_basic, vehumet_statue, mainiacjoe_overflow_big_doors,
          minmay_misc_feat_rows, minmay_fractal_squares_diagonal_5
D:6:      layout_loops_ring, minmay_temple_entry_trees,
          hangedman_abyss_or_decor_stabs
D:7:      layout_loops_corners, minmay_three_doors
D:8:      layout_cave_pools
D:9:      layout_irregular_city, nicolae_elevator_lobby_plus
D:10:     layout_basic, abandoned_shop, uniq_lodul, uniq_nergalle, uniq_sonja
Temple:   sentei_temple_godly_chess

Skill      XL: |  1  2  3  4  5  6  7  8  9 10 11 |
---------------+----------------------------------+-----
Fighting       | 1 2 3 4 6 7 8 |  8.1
Stealth        | 3 4 6 8 9 10 | 10.2
Short Blades   | 1 2 3 4 6 7 |  7.8
Spellcasting   | 3 4 5 6 7 8 |  8.7
Summonings     | 5 6 8 |  8.6
Dodging        | 3 4 5 6 |  6.3
Air Magic      | 1 2 |  2.1
Hexes          | 1 |  1.3

Action                   |  1- 3 |  4- 6 |  7- 9 | 10-12 || total
-------------------------+-------+-------+-------+-------++-------
Melee: Dagger            |    52 |   114 |   207 |   255 ||   628
       Punch             |     1 |     3 |     2 |     6 ||    12
 Cast: Summon Small Mamm |    16 |       |     2 |     4 ||    22
       Call Imp          |     3 |     7 |     7 |    12 ||    29
       Call Canine Famil |     1 |    16 |    12 |    26 ||    55
       Summon Guardian G |       |     4 |     2 |     4 ||    10
       Summon Lightning  |       |       |       |    22 ||    22
  Use: Scroll            |       |     3 |     6 |     2 ||    11
       Potion            |       |     3 |       |     6 ||     9
 Stab: Sleeping          |     7 |     8 |    22 |    13 ||    50
       Distracted        |       |       |     2 |     4 ||     6
       Betrayed ally     |       |       |       |     1 ||     1
Armor: Robe              |     3 |    12 |    16 |    40 ||    71
Dodge: Dodged            |    43 |    85 |   122 |   328 ||   578

Table legend: (Time is in decaauts)
 A = Elapsed time spent in this place.
 B = Non-inter-level travel time spent in this place.
 C = Inter-level travel time spent in this place.
 D = Time resting spent in this place.
 E = Time spent auto-exploring this place.
 F = Levels seen in this place.
 G = Mean time per level.
                   A        B        C        D        E       F      G
               +--------+--------+--------+--------+--------+-----+--------+
         Total |  12605 |  12070 |    535 |   2500 |   7187 |  11 | 1145.9 |
       Dungeon |  12572 |  12043 |    529 |   2500 |   7177 |  10 | 1257.2 |
        Temple |     32 |     26 |      6 |      0 |     10 |   1 |   32.0 |
               +--------+--------+--------+--------+--------+-----+--------+

Top non-repeatable levels by time:
     D:7: 1762 daAuts
     D:9: 1563 daAuts
     D:3: 1521 daAuts
     D:2: 1502 daAuts
     D:4: 1312 daAuts
     D:8: 1090 daAuts
     D:1: 1038 daAuts
     D:5: 987 daAuts
    D:10: 923 daAuts
     D:6: 870 daAuts
  Temple: 32 daAuts
